 Dungeon Crawl Stone Soup version 0.20.1-1-g8b1a95d (webtiles) character file.

753 GagarinX the Spear-Bearer (level 7, -12/57 HPs)
             Began as a Minotaur Berserker on Oct 8, 2017.
             Was an Elder of Trog.
             Hit by a stone thrown by an orc warrior (19 damage)
             ... on level 4 of the Dungeon.
             The game lasted 00:57:35 (3687 turns).

GagarinX the Spear-Bearer (Minotaur Berserker)      Turns: 3687, Time: 00:57:36

Health: -12/57     AC:  7    Str: 20 (22) XL:     7   Next: 49%
Magic:  6/6        EV: 12    Int:  2 (4)  God:    Trog [****..]
Gold:   177        SH:  0    Dex: 12 (13) Spells: 6/6 levels left

rFire    + . .     SeeInvis .   o - +3 spear (freeze)
rCold    . . .     Gourm    +   (no shield)
rNeg     . . .     Faith    .   A - +2 animal skin
rPois    .         Spirit   .   (helmet restricted)
rElec    .         Reflect  .   (no cloak)
rCorr    .         Harm     .   (no gloves)
MR       ++...                  G - +2 pair of boots
Stlth    ++........             C - amulet of the gourmand
Regen    1.2/turn               (no ring)
MPRegen  0.1/turn               (no ring)

@: berserk cooldown, regenerating, slowed, very slow
A: retaliatory headbutt, horns 2, thin skeletal structure 1, fire resistance 1
a: Berserk, Trog's Hand, Brothers in Arms, Burn Spellbooks, Renounce Religion


You were on level 4 of the Dungeon.
You worshipped Trog.
Trog was greatly pleased with you.
You were very full.

You visited 1 branch of the dungeon, and saw 4 of its levels.
You also visited: Sewer.

You collected 177 gold pieces.

Inventory:

Hand Weapons
 a - a +0 hand axe
 o - a +3 spear of freezing (weapon)
 v - a +1 short sword of holy wrath
Armour
 i - a +0 leather armour
 l - a +0 scale mail
 s - a +0 ring mail
 A - a +2 animal skin (worn)
 G - a +2 pair of boots (worn)
Jewellery
 C - an amulet of the gourmand (around neck)
 D - an uncursed ring of fire
Wands
 y - a wand of polymorph (12/24)
Scrolls
 e - a scroll of amnesia
 f - 2 scrolls of enchant weapon
 p - 4 scrolls of identify
 q - 4 scrolls of teleportation
 t - 2 scrolls of blinking
 u - a scroll of remove curse
Potions
 b - 3 potions of lignification
 d - 4 potions of curing
 x - 2 potions of mutation
 z - 5 potions of heal wounds
 F - a potion of agility
 H - a potion of degeneration
 I - a potion of flight
Comestibles
 c - 2 bread rations
 g - 2 fruits
 h - 2 chunks of flesh
 r - 4 royal jellies
 w - 3 meat rations


   Skills:
 - Level 3.6 Fighting
 - Level 4.2(7.5) Axes
 + Level 9.6(10.0) Polearms
 - Level 2.4 Armour
 - Level 2.1 Dodging


You had 6 spell levels left.
You didn't know any spells.

Dungeon Overview and Level Annotations

Branches:
Dungeon (4/15)
 Temple: D:4-7

Altars:
Qazlal
Ru


Innate Abilities, Weirdness & Mutations

You reflexively headbutt those who attack you in melee.
You have a pair of horns on your head.
You have a somewhat thin skeletal structure. (Dex +2, Stealth)
Your flesh is heat resistant. (rF+)


Message History

Aim: an orc warrior, wielding a scimitar and wearing a plate armour (heavily wounded)
You reach to attack!
You hit the orc warrior. You freeze the orc warrior.
The orc warrior is heavily wounded.
The orc warrior throws a stone.
The stone barely misses you.
The orc warrior throws a stone.
The stone hits you!
* * * LOW HITPOINT WARNING * * *
The orc warrior throws a stone.
The stone closely misses you.
The orc warrior throws a stone.
The stone hits you but does no damage.
Things that are here:
a stone; 3 tomahawks of dispersal The orc warrior throws a stone.
The stone barely misses you.
The orc warrior throws a stone.
The stone misses you.
The orc warrior throws a stone.
The stone hits you!
* * * LOW HITPOINT WARNING * * *
You see here a stone.
Your skin crawls.
You feel resistant to hostile enchantments.
You feel somewhat less full.
The orc warrior throws a stone.
The stone hits you!!
You die...

##≈..# ...# #....≈ #..# #≈≈#≈≈
#..# #≈≈#≈. ##..# #.≈#≈. #.(.#
#≈≈#≈. # #..(# #≈≈#≈≈ ..
##...##############≈≈#≈≈ #o
#...o..@..........#..##. #.
##.o#########.....≈.≈### 8.
##.###### #......≈## #
#####.####...(..# #........###
......o(.o......####...........
)....<..)o†.................###
....##..........####........#
... #......(...# #........# .
#).........# #........#


You could see an orc warrior and an orc.

Vanquished Creatures
  A phantom (D:4)
  A big kobold (Sewer)
  A centaur skeleton (D:4)
  3 hounds (D:4)
  An orc priest (D:4)
  An orc wizard (D:4)
  Jessica (D:2)
  2 iguanas (D:4)
  Terence (D:2)
  2 worker ants (D:4)
  Robin (D:2)
  8 gnolls (D:2)
  2 adders
  2 river rats
  3 worms
  8 leopard geckos
  15 orcs
  7 giant cockroaches
  10 hobgoblins
  4 jackals
  2 ball pythons
  5 bats
  9 frilled lizards
  14 goblins
  17 kobolds
  10 rats
131 creatures vanquished.

Notes
Turn   | Place    | Note
-------+----------+-------------------------------------------
     0 | D:1      | GagarinX the Minotaur Berserker began the quest for the Orb.
     0 | D:1      | Reached XP level 1. HP: 19/19 MP: 0/0
   287 | D:1      | Reached XP level 2. HP: 26/26 MP: 1/1
   377 | D:1      | Reached skill level 1 in Polearms
   479 | D:1      | Reached skill level 2 in Polearms
   539 | D:1      | Reached ** piety under Trog
   642 | D:2      | Reached XP level 3. HP: 31/31 MP: 2/2
   650 | D:2      | Reached skill level 3 in Polearms
   661 | D:2      | Reached XP level 4. HP: 18/39 MP: 3/3
   859 | D:2      | Reached skill level 4 in Polearms
  1117 | D:2      | Reached skill level 5 in Polearms
  1172 | D:2      | Noticed Robin
  1179 | D:2      | Killed Robin
  1179 | D:2      | Reached XP level 5. HP: 45/45 MP: 4/4
  1457 | D:2      | Noticed Terence
  1474 | D:2      | Killed Terence
  1492 | D:2      | Noticed Jessica
  1525 | D:2      | Killed Jessica
  1622 | D:2      | Reached skill level 6 in Polearms
  1706 | D:2      | Gained mutation: Your flesh is heat resistant. (rF+) [potion of mutation]
  1706 | D:2      | Gained mutation: You have a somewhat thin skeletal structure. (Dex +2, Stealth) [potion of mutation]
  1839 | D:2      | Reached *** piety under Trog
  1944 | D:3      | Found a sacrificial altar of Ru.
  2410 | D:3      | Reached XP level 6. HP: 36/51 MP: 5/5
  2422 | D:3      | Found a glowing drain.
  2644 | D:4      | Reached skill level 7 in Polearms
  2945 | D:4      | Found a stormy altar of Qazlal.
  2970 | D:4      | Reached skill level 8 in Polearms
  3143 | D:4      | Reached **** piety under Trog
  3143 | D:4      | Reached XP level 7. HP: 56/57 MP: 6/6
  3263 | D:4      | Found a glowing drain.
  3277 | Sewer    | Entered a sewer
  3387 | Sewer    | Reached skill level 9 in Polearms
  3400 | Sewer    | Found a white marble altar of Elyvilon.
  3687 | D:4      | Hit by a stone thrown by an orc warrior

Skill      XL: |  1  2  3  4  5  6  7 |
---------------+----------------------+-----
Axes           | 4 |  4.2
Polearms       | 2 3 5 6 8 9 |  9.6
Fighting       | |  3.6
Armour         | |  2.4
Dodging        | |  2.1

Action                   |  1- 3 |  4- 6 |  7- 9 || total
-------------------------+-------+-------+-------++-------
Melee: Hand axe          |    13 |       |       ||    13
       Spear             |    57 |   178 |    69 ||   304
       Headbutt          |     1 |    19 |     4 ||    24
Throw: Stone             |     5 |       |       ||     5
Invok: Berserk           |       |     2 |     1 ||     3
       Burn Spellbooks   |       |     1 |       ||     1
       Trog's Hand       |       |       |     1 ||     1
  Use: Scroll            |       |     5 |     7 ||    12
       Potion            |       |     3 |     4 ||     7
 Stab: Sleeping          |       |     1 |     1 ||     2
  Eat: Chunk             |       |    22 |     1 ||    23
       Meat ration       |       |     1 |       ||     1
Armor: Animal skin       |     1 |     7 |     5 ||    13
       Leather armour    |     1 |       |       ||     1
       Ring mail         |     6 |     6 |       ||    12
       Scale mail        |       |     1 |       ||     1
Dodge: Dodged            |    31 |    42 |    28 ||   101
